 Dungeon Crawl Stone Soup version 0.28-a0-1199-gef9e1dbd39 (webtiles) character file.

Game seed: 14498414279618261720

28 timneilson the Skirmisher (level 3, -8/29 HPs)
             Began as a Demonspawn Abyssal Knight on Dec 19, 2021.
             Was a Follower of Lugonu.
             Mangled by Terence (10 damage)
             ... on level 2 of the Dungeon.
             The game lasted 00:01:33 (1254 turns).

timneilson the Skirmisher (DsAK)                    Turns: 1254, Time: 00:01:33

Health: -8/29      AC:  6    Str: 15    XL:     3   Next: 0%
Magic:  5/5        EV: 11    Int: 11    God:    Lugonu [*.....]
Gold:   86         SH:  0    Dex: 13    Spells: 2/2 levels left

rFire   . . .      SeeInvis .   a - +1 falchion
rCold   . . .      Faith    .   (no shield)
rNeg    . . .      Spirit   .   d - +0 scale mail
rPois   .          Reflect  .   (no helmet)
rElec   .          Harm     .   (no cloak)
rCorr   .          Rampage  .   (no gloves)
Will    .....                   (no boots)
Stlth   +.........              (no amulet)
HPRegen 0.09/turn               (no ring)
MPRegen 0.09/turn               (no ring)

@: no status effects
A: sturdy frame 2
a: Renounce Religion, Depart the Abyss


You were on level 2 of the Dungeon.
You worshipped Lugonu.
Lugonu was aware of your devotion.
You visited 1 branch of the dungeon, and saw 2 of its levels.
You visited the Abyss 1 time.

You collected 86 gold pieces.

Inventory:

Hand Weapons
 a - a +1 falchion (weapon)
Armour
 d - a +0 scale mail (worn)
Scrolls
 b - a scroll of identify
Potions
 c - a potion of curing
 e - a potion of attraction


   Skills:
 + Level 3.1 Fighting
 * Level 2.3 Long Blades
 * Level 2.2 Armour
 + Level 1.2 Dodging
 + Level 2.8 Invocations


You had 2 spell levels left.
You didn't know any spells.
Your spell library was empty.

Dungeon Overview and Level Annotations

Branches:
Dungeon (2/15)

Altars:

Annotations:
D:2 Terence


Innate Abilities, Weirdness & Mutations

Your movements are less encumbered by armour. (ER -4)


Message History

You hit the quokka.
You kill the quokka!
Lugonu accepts your kill.
You have reached level 3!
Your experience leads to an increase in your attributes!
Increase (S)trength, (I)ntelligence, or (D)exterity?
You feel stronger. x2; Your demonic ancestry asserts itself...
You feel less encumbered by your armour.
You see here a quokka corpse.
A hobgoblin and Terence come into view.
Terence is wielding a +0 flail and wearing a +3 scale mail of fire resistance.
Found a potion of curing.
Terence shouts!
You hit Terence but do no damage. Terence hits you with a +0 flail!
You hit Terence but do no damage. Terence closely misses you.
The hobgoblin hits you but does no damage.
You hit Terence but do no damage. Terence barely misses you.
The hobgoblin closely misses you. Terence hits you with a +0 flail.
You hit Terence.
Terence is lightly wounded.
The hobgoblin hits you but does no damage.
Terence closely misses you.
You hit Terence but do no damage.
Terence is lightly wounded.
The hobgoblin closely misses you. Terence closely misses you.
The hobgoblin hits you.
You hit Terence but do no damage.
Terence is lightly wounded.
Terence barely misses you. The hobgoblin hits you.
You hit Terence but do no damage.
Terence is lightly wounded.
Terence closely misses you. The hobgoblin closely misses you.
You hit Terence but do no damage.
Terence is lightly wounded.
Terence hits you with a +0 flail!
* * * LOW HITPOINT WARNING * * *
The hobgoblin hits you.
* * * LOW HITPOINT WARNING * * *
Terence hits you with a +0 flail!
You die...

. ##. #..
#.########
#....)...#
#....†...#
#.†.<....#
######.######.....
#....g@@...# ....
#.......!..# ...
#..........# ##
.............#
.#...........#
##............
#..........###
#..........#


You could see Terence and a hobgoblin.

Vanquished Creatures
  2 dart slugs
  3 bats (D:1)
  An endoplasm (D:1)
  A giant cockroach (D:1)
  3 goblins (D:1)
  A hobgoblin (D:1)
  2 quokkas
  3 ball pythons (D:1)
  4 frilled lizards (D:1)
  4 rats (D:1)
24 creatures vanquished.

Notes
Turn   | Place    | Note
-------+----------+-------------------------------------------
     0 | Abyss:1  | timneilson the Demonspawn Abyssal Knight began the quest
                  | for the Orb.
     0 | Abyss:1  | Reached XP level 1. HP: 18/18 MP: 2/2
    45 | Abyss:1  | Noticed a caustic shrike zombie
    47 | D:1      | Escaped the Abyss
   239 | D:1      | Reached skill level 1 in Dodging
   250 | D:1      | Gained mutation: Your movements are slightly less
                  | encumbered by armour. (ER -2) [demonic ancestry]
   250 | D:1      | Reached XP level 2. HP: 24/24 MP: 3/3
   282 | D:1      | Reached * piety under Lugonu
  1243 | D:2      | Gained mutation: Your movements are less encumbered by
                  | armour. (ER -4) [demonic ancestry]
  1243 | D:2      | Reached XP level 3. HP: 28/29 MP: 5/5
  1244 | D:2      | Noticed Terence
  1254 | D:2      | Mangled by Terence

Illustrated notes

Levels and vault maps discovered:
D:1:      minmay_arrival_jagged, layout_basic, minivault_11
D:2:      layout_basic, serial_curves, eino_curves_04, eino_curves_03,
          dk_noncrumbling_2, minmay_octomino_c4, uniq_crazy_yiuf_cottage,
          uniq_terence

Skill      XL: |  1 |
---------------+----+-----
Dodging        | 1 |  1.2
Armour         | 2 |  2.2
Long Blades    | 2 |  2.3
Fighting       | |  3.1
Invocations    | |  2.8

Action                   || total
-------------------------++-------
Melee: Falchion          ||    85
Invok: Depart the Abyss  ||     1
  Use: Scroll            ||     2
Armor: Scale mail        ||    44
Dodge: Dodged            ||    58

Table legend: (Time is in decaauts)
 A = Elapsed time spent in this place.
 B = Non-inter-level travel time spent in this place.
 C = Inter-level travel time spent in this place.
 D = Time resting spent in this place.
 E = Time spent auto-exploring this place.
 F = Levels seen in this place.
 G = Mean time per level.
                   A        B        C        D        E       F      G
               +--------+--------+--------+--------+--------+-----+--------+
         Total |   1269 |   1224 |     45 |      0 |    971 |   3 |  423.0 |
       Dungeon |   1222 |   1177 |     45 |      0 |    971 |   2 |  611.0 |
         Abyss |     47 |     47 |      0 |      0 |      0 |   1 |   47.0 |
               +--------+--------+--------+--------+--------+-----+--------+

Top non-repeatable levels by time:
     D:1: 1198 daAuts
 Abyss:1: 47 daAuts
     D:2: 24 daAuts
